 Dungeon Crawl Stone Soup version 0.24.0-125-gc4c63601f3 (webtiles) character file.

Game seed: 18149509975825557698, levelgen mode: deterministic

390 Frank2 the Cudgeler (level 6, 0/70 HPs)
             Began as a Demonspawn Gladiator on Mar 13, 2020.
             Killed from afar by an orc wizard (9 damage)
             ... with a puff of flame
             ... on level 3 of the Dungeon.
             The game lasted 00:03:52 (2448 turns).

Frank2 the Cudgeler (Demonspawn Gladiator)          Turns: 2448, Time: 00:03:52

Health: 0/70       AC:  8    Str: 19    XL:     6   Next: 50%
Magic:  7/7        EV:  9    Int: 10    God:
Gold:   152        SH:  0    Dex: 16    Spells: 5/5 levels left

rFire    . . .     SeeInvis .   a - +0 flail
rCold    . . .     Gourm    .   (no shield)
rNeg     . . .     Faith    .   e - +0 chain mail
rPois    .         Spirit   .   (helmet restricted)
rElec    .         Reflect  .   (no cloak)
rCorr    .         Harm     .   (no gloves)
MR       .....                  (no boots)
Stlth    ..........             (no amulet)
HPRegen  0.21/turn              (no ring)
MPRegen  0.10/turn              (no ring)

@: berserking, very quick
A: horns 1, nightstalker 1
a: no special abilities


You were on level 3 of the Dungeon.
You were not hungry.

You visited 1 branch of the dungeon, and saw 3 of its levels.

You collected 152 gold pieces.

Inventory:

Hand Weapons
 a - a +0 flail (weapon)
Missiles
 o - 2 throwing nets (quivered)
Armour
 e - a +0 chain mail (worn)
Jewellery
 m - a cursed ring of attention {unknown}
Wands
 d - a wand of random effects (7)
Scrolls
 c - 4 scrolls of identify {unknown}
 j - a scroll of random uselessness {unknown}
 k - a scroll of amnesia {unknown}
 l - 2 scrolls of remove curse {unknown}
Potions
 b - a potion of degeneration {unknown}
 g - 2 potions of heal wounds {unknown}
 h - 2 potions of ambrosia {unknown}
 i - a potion of flight {unknown}
 n - 2 potions of berserk rage
Comestibles
 f - 7 rations
 p - 2 chunks of flesh


   Skills:
 + Level 3.2 Fighting
 + Level 4.9 Maces & Flails
 - Level 1.7 Throwing
 + Level 2.3 Armour
 + Level 3.3 Dodging
 * Level 1.8 Evocations


You had 5 spell levels left.
You didn't know any spells.
Your spell library was empty.

Dungeon Overview and Level Annotations

Branches:
Dungeon (3/15)

Altars:
Gozag
Nemelex Xobeh


Innate Abilities, Weirdness & Mutations

You have a pair of small horns on your head.
You are slightly more attuned to the shadows.


Message History

The orc wizard hits you but does no damage.
You hit the orc wizard.
The orc wizard is lightly wounded.
The orc wizard casts a spell.
The orc wizard flickers and vanishes!
Deactivating autopickup; reactivate with Ctrl-A.
The rat bites you.
* * * LOW HITPOINT WARNING * * *
It was a potion of berserk rage.
A red film seems to cover your vision as you go berserk!
You feel yourself moving faster!
You feel mighty!
You hear some strange, mumbled words.
Something tries to affect you, but you resist.
The rat bites you.
* * * LOW HITPOINT WARNING * * *
You closely miss something. You headbutt something!
You hear some strange, mumbled words.
A puff of flame appears from out of thin air!
The puff of flame hits you!
You die...

.. ######### #.
#.......## ##.#
#.....<... #...
#....#..... #... ###
#.###.#.....
#..r##.##$.###.[.....
#..{@(.....##....<...
#.##(#.(..###.##.....
#(#.######.#####..
#.#........# #.>
#.########## ##.. #.#
#... #.# #... #.#
#... #.# ########)..


You could see a rat.

Vanquished Creatures
  Sigmund (D:2)
  An orc priest (D:3)
  Terence (D:2)
  Natasha (D:2)
  Robin (D:3)
  9 adders
  3 worms (D:2)
  A leopard gecko (D:1)
  2 orcs (D:3)
  3 giant cockroaches
  15 goblins
  10 hobgoblins
  3 kobolds
  2 quokkas
  3 bats
  6 frilled lizards
  3 rats (D:1)
65 creatures vanquished.

Notes
Turn   | Place    | Note
-------+----------+-------------------------------------------
     0 | D:1      | Frank2 the Demonspawn Gladiator began the quest for the
                  | Orb.
     0 | D:1      | Reached XP level 1. HP: 16/16 MP: 1/1
    80 | D:1      | Reached skill level 3 in Maces & Flails
    80 | D:1      | Gained mutation: You have a pair of small horns on your
                  | head. [demonic ancestry]
    80 | D:1      | Reached XP level 2. HP: 7/22 MP: 2/2
   766 | D:2      | Reached XP level 3. HP: 21/27 MP: 3/3
   804 | D:2      | Noticed Sigmund
  1089 | D:2      | Noticed Terence
  1118 | D:2      | Killed Terence
  1118 | D:2      | Reached skill level 1 in Armour
  1118 | D:2      | Reached XP level 4. HP: 17/34 MP: 4/4
  1178 | D:2      | Found an opulent altar of Gozag.
  1179 | D:2      | Found a sparkling altar of Nemelex Xobeh.
  1481 | D:2      | Reached skill level 4 in Maces & Flails
  1701 | D:2      | Reached XP level 5. HP: 8/39 MP: 5/5
  2024 | D:2      | Noticed Natasha
  2035 | D:2      | Killed Natasha
  2148 | D:2      | Killed Sigmund
  2148 | D:2      | Reached skill level 1 in Evocations
  2148 | D:2      | Gained mutation: You are slightly more attuned to the
                  | shadows. [demonic ancestry]
  2148 | D:2      | Reached XP level 6. HP: 21/47 MP: 5/7
  2339 | D:3      | Noticed Robin
  2381 | D:3      | Killed Robin
  2448 | D:3      | Killed from afar by an orc wizard

Levels and vault maps discovered:
D:1:      kennysheep_arrival_seaside, layout_loops_ring, minmay_misc_feat_tiny,
          chequers_serial_rivers_small_3
D:2:      layout_rooms, grunt_temple_overflow_opulence, first_ration,
          minmay_fractal_squares_5, uniq_natasha, uniq_terence, uniq_sigmund
D:3:      layout_loops_ring, gammafunk_ghost_nasty_kobolds, uniq_robin

Skill      XL: |  1  2  3  4  5 |
---------------+----------------+-----
Maces & Flails | 3 4 |  4.9
Dodging        | 3 |  3.3
Armour         | 1 2 |  2.3
Fighting       | 3 |  3.2
Evocations     | 1 |  1.8
Throwing       | |  1.7

Action                   |  1- 3 |  4- 6 || total
-------------------------+-------+-------++-------
Melee: Flail             |   100 |   145 ||   245
       Headbutt          |    13 |    27 ||    40
Throw: Throwing net      |     4 |       ||     4
Evoke: Wand              |       |     5 ||     5
  Use: Potion            |       |     1 ||     1
  Eat: Chunk             |       |     5 ||     5
Armor: Leather armour    |     3 |       ||     3
       Chain mail        |    49 |    96 ||   145
Dodge: Dodged            |    65 |    73 ||   138
